 Dungeon Crawl Stone Soup version 0.30.0-29-ga12c61a403 (webtiles) character file.

Game seed: 10091772815088897156

3129 safid the Frost Mage (level 9, -5/74 HPs)
             Began as a Merfolk Ice Elementalist on June 22, 2023.
             Was a Believer of Vehumet.
             Slain by a centaur warrior
             ... wielding a +0 shortbow
              (20 damage)
             ... on level 8 of the Dungeon.
             The game lasted 00:18:07 (7637 turns).

safid the Frost Mage (Merfolk Ice Elementalist)     Turns: 7637, Time: 00:18:07

Health: -5/74      AC: 13    Str:  6 (9)  XL:     9   Next: 92%
Magic:  1/20       EV: 13    Int: 15 (18) God:    Vehumet [**....]
Gold:   394        SH:  0    Dex: 13 (14) Spells: 15/22 levels left

rFire   . . .        r - +1 whip (drain)
rCold   + . .        (no shield)
rNeg    . . .        a - +0 robe
rPois   .            f - +0 helmet
rElec   .            (no cloak)
rCorr   .            n - +0 pair of gloves
SInv    .            v - +0 pair of boots
Will    +....        h - amulet of regeneration
Stlth   ++           j - ring of protection from cold
HPRegen 1.12/turn    g - ring of willpower
MPRegen 0.17/turn

%: no passive effects
@: brilliant, ice-armoured, freezing walls, very slightly contaminated,
invisible
A: (nimble swimmer 2), mertail
a: Renounce Religion


You were on level 8 of the Dungeon.
You worshipped Vehumet.
Vehumet was pleased with you.
You visited 1 branch of the dungeon, and saw 8 of its levels.
You also visited: Sewer and Ossuary.

You collected 394 gold pieces.

Inventory:

Hand Weapons
 r - a +1 whip of draining (weapon)
Missiles
 d - a throwing net (quivered)
Armour
 a - a +0 robe (worn)
 f - a +0 helmet (worn)
 n - a +0 pair of gloves (worn)
 v - a +0 pair of boots (worn)
Jewellery
 g - a ring of willpower (right hand)
 h - an amulet of regeneration (around neck)
 j - a ring of protection from cold (left hand)
 A - a ring of flight
Scrolls
 i - a scroll of brand weapon
 k - 2 scrolls of identify
 p - a scroll of fog
 t - 3 scrolls of amnesia
 u - 6 scrolls of fear
 x - a scroll of blinking {unknown}
 y - a scroll of teleportation
Potions
 b - 2 potions of magic
 c - 3 potions of lignification {unknown}
 e - 4 potions of curing
 l - 2 potions of invisibility
 m - a potion of might {unknown}
 o - 2 potions of cancellation {unknown}
 q - a potion of ambrosia {unknown}
 s - a potion of mutation {unknown}
 w - 4 potions of brilliance
 z - 4 potions of degeneration
 B - a potion of haste {unknown}
 C - 3 potions of heal wounds {unknown}


   Skills:
 + Level 8.2 Fighting
 - Level 4.0 Dodging
 - Level 2.1 Stealth
 + Level 7.4 Spellcasting
 + Level 9.5 Ice Magic


You had 15 spell levels left.
You knew the following spells:

 Your Spells              Type           Power      Damage    Failure   Level
a - Freeze                Ice            100%       1d10      1%          1
b - Frozen Ramparts       Ice            100%       1d16      1%          3
c - Ozocubu's Armour      Ice            50%        N/A       1%          3

Your spell library contained the following spells:

 Spells                   Type           Power      Damage    Failure   Level
 Ignite Poison            Fire/Tmut/Pois 8%         N/A       36%         3
 Summon Ice Beast         Ice/Summ       29%        N/A       19%         4
 Vhi's Electric Charge    Tloc/Air       16%        N/A       36%         3
 Arcjolt                  Conj/Air       4%         1d14      98%         5
 Plasma Beam              Fire/Air       4%         2x1d15    100%        6


Dungeon Overview and Level Annotations

Branches:
Dungeon (8/15)             Temple (0/1) D:7           Sewer (visited)
Ossuary (visited)
   Lair: D:8-11

Altars:
Ashenzari
Dithmenos
Elyvilon
Hepliaklqana
Qazlal
Ru
Sif Muna
Vehumet
Wu Jian
Yredelemnul
Zin

Shops:
D:6 (

Annotations:
D:4 1 runed translucent door, Crazy Yiuf
D:5 Sigmund


Innate Abilities, Weirdness & Mutations

((You are very nimble when in or above water. (Stealth+, EV+, Speed+++)))
Your lower body shifts to a powerful aquatic tail in water.


Message History

Casting: Frozen Ramparts (safe; 1% risk of failure)
Press: ? - help, Dir - look around, f - activate You feel a surge of power!
You miscast Frozen Ramparts.
You are very lightly contaminated with residual magic.
Nothing appears to happen.
The centaur warrior hits you.
* * * LOW HITPOINT WARNING * * *
The centaur warrior kicks you but does no damage.
Casting: Frozen Ramparts (safe; 1% risk of failure)
Confirm with . or Enter, or press ? or * to list all spells.
Casting: Frozen Ramparts (safe; 1% risk of failure)
Press: ? - help, Dir - look around, f - activate You feel a surge of power!
The walls around you are covered in ice.
The wall freezes the centaur warrior.
The centaur warrior hits you with a +0 shortbow.
* * * LOW HITPOINT WARNING * * *
The centaur warrior kicks you but does no damage.
The wall freezes the centaur warrior but does no damage.
The centaur warrior hits you but does no damage.
The centaur warrior misses you.
The wall freezes the centaur warrior. x2
The centaur warrior closely misses you. The centaur warrior barely misses you.
Unknown command.
You hit the centaur warrior. You drain the centaur warrior.
The centaur warrior is severely wounded.
The wall freezes the centaur warrior!
The centaur warrior closely misses you. x2
The wall freezes the centaur warrior!
You kill the centaur warrior!
Vehumet accepts your kill.
Training target 4.0 for Dodging reached!
Your Fighting skill increases to level 8!
Your Dodging skill increases to level 4!
Your Spellcasting skill increases to level 7!
Unknown command.
Unknown command.
It was a potion of degeneration.
There was something very wrong with that liquid.
You feel weakened.
You feel dopey.
You feel clumsy.
The wall freezes the centaur warrior.
The centaur warrior hits you with a +0 shortbow!!
You die...

......<........#
...............#
......<........#
..##.##..####'##
..##+##..##...####### ####...
.........#..........# ....@..
.........#..........# .......
.........#..........# .....
.........#.....c@)..# ...>
♣♣♣....######..)###'# ..#
...♣...######...###)##..##...
≈≈.♣...............))....c...
..≈♣.........................
§.§♣...........<.............
§.≈♣..###'###...........##...
§.≈♣#'###..##...........# ..
..≈♣<.#....##..######...# .


You could see a centaur warrior (berserk, unable to see you).

Vanquished Creatures
  A centaur warrior (D:8)
  Maggie (D:8)
  Eustachio (D:6)
  2 steam dragons (D:8)
  Menkaure (D:5)
  A water moccasin (D:7)
  A sky beast (D:7)
  2 ice beasts
  An ogre (D:4)
  3 bullfrogs
  A scorpion (D:4)
  2 water moccasin zombies (Ossuary)
  A howler monkey (D:8)
  2 jellies (D:5)
  2 orc priests
  A gnoll bouda (D:5)
  4 hounds
  4 orc wizards
  2 hound zombies (D:4)
  2 mummies (Ossuary)
  15 adders
  9 gnolls
  5 river rats (Sewer)
  A shadow imp (D:6)
  2 white imps
  4 adder zombies (Ossuary)
  3 worms (D:2)
  3 dart slugs
  17 orcs
  2 bats (D:3)
  4 endoplasms
  19 giant cockroaches
  3 gnoll zombies (Ossuary)
  5 goblins
  3 hobgoblins
  2 jackals (D:2)
  10 kobolds
  9 quokkas
  12 ball pythons
  6 frilled lizards
  4 hobgoblin zombies (Ossuary)
  9 kobold zombies (Ossuary)
  4 orc zombies (Ossuary)
  41 rats
227 creatures vanquished.

Notes
Turn   | Place    | Note
-------+----------+-------------------------------------------
     0 | D:1      | safid the Merfolk Ice Elementalist began the quest for the
                  | Orb.
     0 | D:1      | Reached XP level 1. HP: 13/13 MP: 3/3
   113 | D:1      | Reached XP level 2. HP: 15/20 MP: 0/5
   295 | D:1      | Reached skill level 1 in Fighting
   933 | D:2      | Found a sacrificial altar of Ru.
   976 | D:2      | Reached XP level 3. HP: 26/26 MP: 3/6
  1260 | D:2      | Reached skill level 5 in Ice Magic
  1260 | D:2      | Reached XP level 4. HP: 32/33 MP: 5/8
  1958 | D:3      | Learned a level 3 spell: Frozen Ramparts
  1962 | D:3      | Learned a level 3 spell: Ozocubu's Armour
  2077 | D:3      | Found an ornate altar of the Wu Jian Council.
  2266 | D:3      | Reached XP level 5. HP: 39/39 MP: 5/9
  3067 | D:4      | Reached XP level 6. HP: 47/47 MP: 4/11
  3461 | D:4      | Found a runed translucent door.
  3462 | D:4      | Noticed Crazy Yiuf
  3629 | D:4      | Reached skill level 6 in Ice Magic
  3756 | D:4      | Found a basalt altar of Yredelemnul.
  3998 | D:4      | Reached XP level 7. HP: 48/54 MP: 6/13
  4413 | D:5      | Entered Level 5 of the Dungeon
  4413 | D:5      | Found a hazy altar of Hepliaklqana.
  4546 | D:5      | Found a broken altar of Ashenzari.
  4558 | D:5      | Noticed Menkaure
  4574 | D:5      | Killed Menkaure
  4853 | D:5      | Reached skill level 5 in Fighting
  4992 | D:5      | Noticed Sigmund
  5027 | D:5      | Reached skill level 7 in Ice Magic
  5084 | D:5      | Found a white marble altar of Elyvilon.
  5204 | D:6      | Found a radiant altar of Vehumet.
  5212 | D:6      | Became a worshipper of Vehumet
  5232 | D:6      | Found a shimmering blue altar of Sif Muna.
  5242 | D:6      | Reached XP level 8. HP: 62/62 MP: 9/15
  5261 | D:6      | Reached skill level 5 in Spellcasting
  5355 | D:6      | Found a shadowy altar of Dithmenos.
  5358 | D:6      | Noticed Eustachio
  5393 | D:6      | Killed Eustachio
  5479 | D:6      | Found a stormy altar of Qazlal.
  5502 | D:6      | Found a glowing drain.
  5525 | Sewer    | Entered a sewer
  5554 | Sewer    | Reached * piety under Vehumet
  5554 | Sewer    | Offered knowledge of Magic Dart by Vehumet.
  5870 | Sewer    | Reached skill level 8 in Ice Magic
  6019 | D:6      | Found Tacworon's Weapon Emporium.
  6103 | D:6      | Reached ** piety under Vehumet
  6103 | D:6      | Offered knowledge of Momentum Strike by Vehumet.
  6452 | D:7      | Found a glowing silver altar of Zin.
  6717 | D:7      | Found a staircase to the Ecumenical Temple.
  6778 | D:7      | Reached XP level 9. HP: 44/71 MP: 9/18
  6943 | D:8      | Found a sacrificial altar of Ru.
  6993 | D:8      | Found a sand-covered staircase.
  6997 | Ossuary  | Entered an ossuary
  7338 | Ossuary  | Offered knowledge of Ignite Poison by Vehumet.
  7522 | D:8      | Reached skill level 9 in Ice Magic
  7586 | D:8      | Noticed Maggie
  7588 | D:8      | Noticed a centaur warrior
  7614 | D:8      | Killed Maggie
  7628 | D:8      | Noticed a centaur warrior
  7636 | D:8      | Killed a centaur warrior
  7637 | D:8      | Slain by a centaur warrior

Illustrated notes

Levels and vault maps discovered:
D:1:      dpeg_arrival_simpleton_b, layout_loops_cross
D:2:      layout_basic, basic_altar
D:3:      minmay_roachtagon, layout_basic, nicolae_wu_jian_immortal_techniques
D:4:      layout_basic, lemuel_zombie_altar_yredelemnul, minmay_rat_hole,
          uniq_crazy_yiuf_cottage
D:5:      layout_gridville, elyvilon_altar_5,
          mainiacjoe_overflow_concentric_impassable, general_overflow_altar,
          st_stairs_3, uniq_sigmund, uniq_menkaure
D:6:      layout_loops_ring, nicolae_dithmenos_the_darkroom,
          mainiacjoe_overflow_brackets, mainiacjoe_overflow_small_starburst,
          mainiacjoe_overflow_alcove_2, serial_shops, nicolae_shop_crystal,
          portal_sewer_entry_f, uniq_eustachio
D:7:      layout_rooms, mainiacjoe_overflow_tiny_flanked,
          minmay_temple_entry_fiery, fountainhead
D:8:      nzn_winding_woodlands_cross [nzn_winding_woodlands_5x15_crooked,
          nzn_winding_woodlands_5x15_lazy_stream,
          nzn_winding_woodlands_5x15_river_crossing,
          nzn_winding_woodlands_5x15_sidewinder,
          nzn_winding_woodlands_15x15_five_gardens], layout_gridville,
          mainiacjoe_overflow_24_doors, mainiacjoe_overflow_paths,
          enter_ossuary_5, minmay_guarded_unrand_staff_of_olgreb, uniq_psyche,
          uniq_maggie

Skill      XL: |  1  2  3  4  5  6  7  8  9 |
---------------+----------------------------+-----
Fighting       | 1 2 3 4 5 6 8 |  8.2
Ice Magic      | 5 6 7 8 9 |  9.5
Spellcasting   | 3 4 6 7 |  7.4
Dodging        | 4 |  4.0
Stealth        | |  2.1

Action                     |  1- 3 |  4- 6 |  7- 9 || total
---------------------------+-------+-------+-------++-------
  Melee: Short sword       |    42 |    11 |       ||    53
         Punch             |     1 |     1 |     4 ||     6
         Whip              |       |   122 |   317 ||   439
         Tailslap          |       |       |     3 ||     3
  Throw: Throwing net      |       |       |     1 ||     1
   Cast: Freeze            |    41 |    17 |    33 ||    91
         Frozen Ramparts   |       |    10 |    46 ||    56
         Ozocubu's Armour  |       |     7 |    26 ||    33
    Use: Scroll            |       |       |    10 ||    10
         Potion            |       |       |     4 ||     4
   Stab: Sleeping          |     3 |     5 |     1 ||     9
         Held in net/web   |       |       |     1 ||     1
         Distracted        |       |       |     1 ||     1
 Armour: Robe              |    12 |    54 |   173 ||   239
  Dodge: Dodged            |    39 |   110 |   294 ||   443
